 Dungeon Crawl Stone Soup version 0.28.0-53-g5a82cb258f (webtiles) character file.

Game seed: 13643181389761126881

224 MurraysHeroes the Chopper (level 6, -5/53 HPs)
             Began as a Hill Orc Fighter on May 25, 2022.
             Killed from afar by an orc wizard (12 damage)
             ... with a puff of flame
             ... on level 4 of the Dungeon.
             The game lasted 00:07:57 (2335 turns).

MurraysHeroes the Chopper (Hill Orc Fighter)        Turns: 2335, Time: 00:07:58

Health: -5/53      AC:  8    Str: 21    XL:     6   Next: 0%
Magic:  6/6        EV: 10    Int:  8    God:
Gold:   104        SH:  4    Dex: 10    Spells: 5/5 levels left

rFire   . . .      SeeInvis .   a - +0 war axe
rCold   + . .      Faith    .   c - +0 buckler
rNeg    . . .      Spirit   .   k - +1 ring mail {rC+}
rPois   .          Reflect  .   (no helmet)
rElec   .          Harm     .   (no cloak)
rCorr   .          Rampage  .   f - +0 pair of gloves
Will    .....                   (no boots)
Stlth   ..........              (no amulet)
HPRegen 0.17/turn               (no ring)
MPRegen 0.10/turn               (no ring)

@: mighty
A: no striking features
a: Convert to Beogh


You were on level 4 of the Dungeon.
You visited 1 branch of the dungeon, and saw 4 of its levels.

You collected 104 gold pieces.

Inventory:

Hand Weapons
 a - a +0 war axe (weapon)
Armour
 c - a +0 buckler (worn)
 f - a +0 pair of gloves (worn)
 k - a +1 ring mail of cold resistance (worn)
Scrolls
 b - a scroll of fear {unknown}
 g - 2 scrolls of enchant weapon {unknown}
 h - a scroll of teleportation {unknown}
 i - 2 scrolls of identify {unknown}
 j - 2 scrolls of enchant armour {unknown}
 l - a scroll of blinking {unknown}
 m - a scroll of immolation {unknown}


   Skills:
 + Level 4.7 Fighting
 + Level 5.7 Axes
 + Level 3.9 Armour
 + Level 1.0 Dodging
 + Level 4.1 Shields


You had 5 spell levels left.
You didn't know any spells.
Your spell library contained the following spells:

 Spells                   Type           Power      Damage    Failure   Level
 Summon Small Mammal      Summ           0%         N/A       67%         1
 Blink                    Tloc           0%         N/A       80%         2
 Call Canine Familiar     Summ           0%         N/A       95%         3
 Lesser Beckoning         Tloc           0%         N/A       95%         3
 Ozocubu's Armour         Ice            0%         N/A       95%         3
 Summon Guardian Golem    Hex/Summ       0%         N/A       95%         3
 Manifold Assault         Tloc           0%         N/A       100%        5
 Metabolic Englaciation   Hex/Ice        0%         N/A       100%        5
 Simulacrum               Ice/Necr       0%         N/A       100%        6


Dungeon Overview and Level Annotations

Branches:
Dungeon (4/15)
 Temple: D:4-7

Altars:


Message History

You hear some strange, mumbled words.
A magic dart appears from out of thin air!
The magic dart hits you.
* * * LOW HITPOINT WARNING * * *
Something hits you but does no damage.
You barely miss something.
You hear some strange, mumbled words.
A puff of flame appears from out of thin air!
The puff of flame hits you.
* * * LOW HITPOINT WARNING * * *
You hit something but do no damage. Something hits you.
* * * LOW HITPOINT WARNING * * *
You barely miss something.
You hear some strange, mumbled words.
Something tries to affect you, but you resist.
Something hits you.
* * * LOW HITPOINT WARNING * * *
You closely miss something.
An orc wizard appears from thin air!
Reactivating autopickup.
The orc wizard hits you but does no damage.
You barely miss the orc wizard.
The orc wizard is almost dead.
The orc wizard hits you with a +0 dagger.
* * * LOW HITPOINT WARNING * * *
You barely miss the orc wizard.
The orc wizard is almost dead.
The orc wizard points at you and mumbles some strange words.
You are confused.
You bump into the rock wall.
The orc wizard hits you but does no damage.
It was a potion of curing.
You feel better. You block the orc wizard's attack.
You feel very mighty all of a sudden.
The orc wizard gestures wildly while chanting.
The orc wizard flickers and vanishes!
Deactivating autopickup; reactivate with Ctrl-A.
You closely miss something.
You hear some strange, mumbled words.
A puff of flame appears from out of thin air!
The puff of flame hits you!
You die...

#.# #.# #.######
#......# ######.#
#.# #.# #.######
#..@{oo# #
######.######.####
#.....o......
###.o.......?
#....$.....
#..........
............
.....########
.......#


You could see an orc priest and an orc.

Vanquished Creatures
  An orc priest (D:3)
  An orc wizard (D:3)
  2 iguanas (D:4)
  2 adders
  A worm (D:3)
  A dart slug (D:1)
  8 orcs
  A ball python (D:3)
  3 endoplasms
  8 giant cockroaches
  10 goblins
  2 hobgoblins
  8 jackals
  11 kobolds
  3 quokkas
  10 bats
  14 frilled lizards
  3 rats
89 creatures vanquished.

Vanquished Creatures (others)
  8 plants (D:1)
8 creatures vanquished.

Grand Total: 97 creatures vanquished

Notes
Turn   | Place    | Note
-------+----------+-------------------------------------------
     0 | D:1      | MurraysHeroes the Hill Orc Fighter began the quest for the
                  | Orb.
     0 | D:1      | Reached XP level 1. HP: 19/19 MP: 1/1
    73 | D:1      | Reached XP level 2. HP: 21/27 MP: 2/2
   252 | D:1      | Reached skill level 3 in Axes
   364 | D:1      | Reached XP level 3. HP: 33/33 MP: 3/3
   719 | D:2      | Found a faded altar of an unknown god.
   737 | D:2      | Reached skill level 4 in Axes
   737 | D:2      | Reached XP level 4. HP: 39/40 MP: 4/4
  1535 | D:3      | Reached skill level 5 in Axes
  1539 | D:3      | Reached skill level 1 in Dodging
  1539 | D:3      | Reached XP level 5. HP: 4/46 MP: 5/5
  2313 | D:4      | Reached XP level 6. HP: 27/53 MP: 6/6
  2328 | D:4      | HP: 2/53 [something (2)]
  2335 | D:4      | Killed from afar by an orc wizard

Illustrated notes

Levels and vault maps discovered:
D:1:      nzn_arrival_depleted_hourglass, layout_rooms, minmay_lizard_king
D:2:      layout_rooms, serial_curves, eino_curves_01, eino_curves_04,
          hellmonk_ecumenical_altar_zigzags, kennysheep_generic_room_4
D:3:      layout_basic
D:4:      layout_basic, temple_statues, serial_shops, shop, st_stairs_14,
          serial_bayou_crossing

Skill      XL: |  1  2  3  4  5 |
---------------+----------------+-----
Fighting       | 4 |  4.7
Axes           | 3 4 5 |  5.7
Dodging        | 1 |  1.0
Shields        | 4 |  4.1
Armour         | |  3.9

Action                   |  1- 3 |  4- 6 || total
-------------------------+-------+-------++-------
Melee: War axe           |   106 |   122 ||   228
  Use: Potion            |       |     3 ||     3
Armor: Scale mail        |    74 |    14 ||    88
       Ring mail         |       |    40 ||    40
Dodge: Dodged            |    68 |    56 ||   124
Block: Buckler           |    36 |    22 ||    58
